 Dungeon Crawl Stone Soup version 0.22-a0-410-g97be04f (webtiles) character file.

41 KristoblXynda the Cudgeler (level 3, 0/32 HPs)
             Began as a Naga Gladiator on May 11, 2018.
             Slain by a leopard gecko (2 damage)
             ... on level 3 of the Dungeon.
             The game lasted 00:02:34 (1891 turns).

KristoblXynda the Cudgeler (Naga Gladiator)         Turns: 1891, Time: 00:02:35

Health: 0/32       AC:  4    Str: 16    XL:     3   Next: 52%
Magic:  3/3        EV: 10    Int:  9    God:
Gold:   81         SH:  0    Dex: 15    Spells: 2/2 levels left

rFire    . . .     SeeInvis +   a - +0 flail
rCold    . . .     Gourm    .   (no shield)
rNeg     . . .     Faith    .   b - +0 leather armour
rPois    +         Spirit   .   c - +0 helmet
rElec    .         Reflect  .   (no cloak)
rCorr    .         Harm     .   g - +0 pair of gloves
MR       +....                  (no barding)
Stlth    +.........             (no amulet)
HPRegen  0.10/turn              p - +3 ring of dexterity
MPRegen  0.08/turn              q - ring of protection from magic

@: short of breath, very slow
A: large, see invisible, deformed body, poison resistance, slowness 2, slow
metabolism 1, spit poison 1, AC +1
a: Spit Poison


You were on level 3 of the Dungeon.
You were hungry.

You visited 1 branch of the dungeon, and saw 3 of its levels.

You collected 81 gold pieces.

Inventory:

Hand Weapons
 a - a +0 flail (weapon)
Missiles
 d - 3 throwing nets (quivered)
Armour
 b - a +0 leather armour (worn)
 c - a +0 helmet (worn)
 g - a +0 pair of gloves (worn)
Jewellery
 p - a +3 ring of dexterity (left hand)
 q - a ring of protection from magic (right hand)
Scrolls
 e - a scroll of identify
 h - a scroll of amnesia {unknown}
 l - a scroll of enchant weapon {unknown}
 m - a scroll of enchant armour
 o - a scroll of magic mapping {unknown}
Potions
 k - a potion of flight
Comestibles
 f - 3 rations


   Skills:
 - Level 2.0 Fighting
 * Level 3.8 Maces & Flails
 - Level 2.2 Throwing
 + Level 2.7 Dodging
 + Level 0.6 Stealth


You had 2 spell levels left.
You didn't know any spells.

Dungeon Overview and Level Annotations

Branches:
Dungeon (3/15)

Altars:

Annotations:
D:3 Sigmund


Innate Abilities, Weirdness & Mutations

You cannot wear boots.
Your serpentine skin is tough. (AC +1)
You have supernaturally acute eyesight. (SInv)
Armour fits poorly on your strangely shaped body.
Your system is resistant to poisons. (rPois)
You cover ground very slowly.
You have a slow metabolism.
You can spit poison.


Message History

Okay, then.
You hear the slow rusting of a very distant drain.
The orc looks desperately for an escape route.
Found 8 gold pieces.
A leopard gecko comes into view.
Found a ration.
The orc cries, "Mercy!"
The leopard gecko hisses angrily.
The orc gibbers meaninglessly.
The leopard gecko bites you.
* * * LOW HITPOINT WARNING * * *
The orc mutters, "Damn and blast!"
Found 14 gold pieces.
Found an escape hatch in the floor.
Press: ? - help, Shift-Dir - straight line, f - leopard gecko
Aim: a leopard gecko (clinging)
The splash of poison misses the leopard gecko.
You feel slightly more hungry.
The leopard gecko completely misses you.
The leopard gecko bites you.
You die...

######## ##### #......#
....# #......#......
.#########......#......
.........#.............
.........#.............
.........#...r#.....##.
.........#....#.....#
.......@.#....###r..#
........l#....###...r.
>........r.............
.....................@.
$...##.#........#......
.... #.#........# . ...
#......$...# ..
#..%.......#
#....###....


You could see a leopard gecko and a rat.

Vanquished Creatures
  An adder (D:2)
  A worm (D:2)
  An orc (D:2)
  5 bats
  A giant cockroach (D:1)
  5 goblins
  3 hobgoblins
  A kobold (D:2)
  A quokka (D:3)
  2 frilled lizards
  6 rats
27 creatures vanquished.

Notes
Turn   | Place    | Note
-------+----------+-------------------------------------------
     0 | D:1      | KristoblXynda the Naga Gladiator began the quest for the Orb.
     0 | D:1      | Reached XP level 1. HP: 19/19 MP: 1/1
   631 | D:1      | Reached XP level 2. HP: 15/26 MP: 2/2
  1312 | D:2      | Reached XP level 3. HP: 32/32 MP: 3/3
  1575 | D:2      | Found a faded altar of an unknown god.
  1882 | D:3      | Noticed Sigmund
  1889 | D:3      | HP: 1/32 [leopard gecko (5)]
  1891 | D:3      | Slain by a leopard gecko

Vault maps used:
D:1:      erik_arrival_cave_to_civilisation
D:2:      chequers_ecumenical_altar_simple_redux
D:3:      gup_sewer_entry_pipe, uniq_sigmund

Skill      XL: |  1 |
---------------+----+-----
Throwing       | 2 |  2.2
Fighting       | |  2.0
Maces & Flails | |  3.8
Dodging        | |  2.7
Stealth        | |  0.6

Action                   || total
-------------------------++-------
Melee: Flail             ||    76
 Abil: Spit Poison       ||     9
  Use: Scroll            ||     6
  Eat: Chunk             ||     2
Armor: Leather armour    ||    42
Dodge: Dodged            ||    63

Table legend:
 A = Spawn XP
 B = Non-spawn XP
 C = Spawn XP percentage of total XP
 D = Spawn monster count
 E = Non-spawn monster count
 F = Spawn count percentage of total count
 G = Total turns spent on level
                    A         B        C        D         E        F      G
               +---------+---------+-------+---------+---------+-------+---------
         Total |       0 |      59 |   0.0 |       0 |      27 |   0.0 |  1891
               +---------+---------+-------+---------+---------+-------+---------
           D:1 |       0 |      20 |   0.0 |       0 |      13 |   0.0 |  1101
           D:2 |       0 |      36 |   0.0 |       0 |      12 |   0.0 |   670
           D:3 |       0 |       3 |   0.0 |       0 |       2 |   0.0 |   120
               +---------+---------+-------+---------+---------+-------+---------
